| TOP OF THE 1ST |
|
Canton Indians batting - Pitching for Detroit Red Wings : RHP Jimmy Dean
|
|
Pitching: RHP Jimmy Dean
|
|
|
Batting: RHB Oscar Hernandez
|
0-0: Called Strike 0-1: Ball 1-1: Fly out, F6 (Popup, 6MD, EV 60.6 MPH)
|
|
Batting: SHB Henri Chardon
|
0-0: Bunted foul 0-1: Fly out, F6 (Popup, 56D, EV 30.0 MPH)
|
|
Batting: RHB Rob Marti
|
0-0: Called Strike 0-1: Foul Ball, location: 2F 0-2: Ball 1-2: Foul Ball, location: 2F 1-2: Foul Ball, location: 2F 1-2: Ball 2-2: Ground out 1-3 (Groundball, 13S, EV 66.2 MPH)
|
| Top of the 1st over - 0 runs, 0 hits, 0 errors, 0 left on base; Canton 0 - Detroit 0 |
| BOTTOM OF THE 1ST |
|
Detroit Red Wings batting - Pitching for Canton Indians : RHP Philip Nieves
|
|
Pitching: RHP Philip Nieves
|
|
|
Batting: LHB Duda Pinho
|
0-0: Called Strike 0-1: Fly out, F9 (Flyball, 9, EV 88.1 MPH)
|
|
Batting: RHB Ian Johnson
|
0-0: Called Strike 0-1: Swinging Strike 0-2: Ground out 6-3 (Groundball, 56D, EV 101.9 MPH)
|
|
Batting: RHB António Scarlett
|
0-0: Ball 1-0: Fly out, F6 (Popup, 56D, EV 62.5 MPH)
|
| Bottom of the 1st over - 0 runs, 0 hits, 0 errors, 0 left on base; Canton 0 - Detroit 0 |
| TOP OF THE 2ND |
|
Canton Indians batting - Pitching for Detroit Red Wings : RHP Jimmy Dean
|
|
Batting: LHB Jason Kessler
|
0-0: Ball 1-0: Ball 2-0: Called Strike 2-1: Foul Ball, location: 2F 2-2: Strikes out looking
|
|
Batting: RHB Ryan Paquette
|
0-0: Ball 1-0: Called Strike 1-1: Ball 2-1: Ball 3-1: Base on Balls
|
|
Batting: RHB Jonathan Johnstad
|
0-0: Called Strike 0-1: Swinging Strike 0-2: Ball 1-2: Foul Ball, location: 2F 1-2: Fly out, F9 (Flyball, 9LS, EV 72.5 MPH)
|
|
Batting: RHB Giuliano Giacoletti Jr.
|
0-0: Ball 1-0: Ground out 5-3 (Groundball, 56, EV 106.9 MPH)
|
| Top of the 2nd over - 0 runs, 0 hits, 0 errors, 1 left on base; Canton 0 - Detroit 0 |
| BOTTOM OF THE 2ND |
|
Detroit Red Wings batting - Pitching for Canton Indians : RHP Philip Nieves
|
|
Batting: SHB Bill Casal
|
0-0: Called Strike 0-1: Ball 1-1: Swinging Strike 1-2: SOLO HOME RUN (Flyball, 8RXD, EV 112.5 MPH), Distance : 456 ft
|
|
Batting: RHB Mike Dyck
|
0-0: Ball 1-0: Ball 2-0: Called Strike 2-1: Ground out 6-3 (Groundball, 6, EV 96.2 MPH)
|
|
Batting: RHB Tim Spence
|
0-0: Called Strike 0-1: Foul Ball, location: 2F 0-2: Ball 1-2: Foul Ball, location: 2F 1-2: Strikes out swinging
|
|
Batting: RHB Jason LeBlanc
|
0-0: Ball 1-0: SINGLE (Line Drive, 6M, EV 103.8 MPH)
|
|
Batting: RHB Mark Massey
|
0-0: Ball 1-0: Ball 2-0: Called Strike 2-1: Fly out, F8 (Flyball, 8RD, EV 100.6 MPH)
|
| Bottom of the 2nd over - 1 run, 2 hits, 0 errors, 1 left on base; Canton 0 - Detroit 1 |
| TOP OF THE 3RD |
|
Canton Indians batting - Pitching for Detroit Red Wings : RHP Jimmy Dean
|
|
Batting: RHB Jesus Sanchez
|
0-0: Swinging Strike 0-1: Swinging Strike 0-2: Strikes out swinging
|
|
Batting: SHB Jose Abreu
|
0-0: Foul Ball, location: 2F 0-1: Called Strike 0-2: Ball 1-2: Strikes out swinging
|
|
Batting: RHB Oscar Hernandez
|
0-0: Foul Ball, location: 2F 0-1: Called Strike 0-2: Strikes out swinging
|
| Top of the 3rd over - 0 runs, 0 hits, 0 errors, 0 left on base; Canton 0 - Detroit 1 |
| BOTTOM OF THE 3RD |
|
Detroit Red Wings batting - Pitching for Canton Indians : RHP Philip Nieves
|
|
Batting: RHB Alejandro Tovar
|
0-0: Called Strike 0-1: Foul Ball, location: 2F 0-2: Ball 1-2: Ball 2-2: Strikes out looking
|
|
Batting: LHB Duda Pinho
|
0-0: Called Strike 0-1: Foul Ball, location: 2F 0-2: Ball 1-2: Ball 2-2: SOLO HOME RUN (Line Drive, 89XD, EV 107.5 MPH), Distance : 430 ft
|
|
Batting: RHB Ian Johnson
|
0-0: Swinging Strike 0-1: Foul Ball, location: 2F 0-2: Foul Ball, location: 2F 0-2: Ball 1-2: Ball 2-2: Ball 3-2: Strikes out looking
|
|
Batting: RHB António Scarlett
|
0-0: Ball 1-0: Ball 2-0: Foul Ball, location: 2F 2-1: Swinging Strike 2-2: Ball 3-2: Base on Balls
|
|
Batting: SHB Bill Casal
|
0-0: Swinging Strike 0-1: Ball 1-1: Ball 2-1: Ball 3-1: Base on Balls António Scarlett to second
|
|
Batting: RHB Mike Dyck
|
0-0: Ball 1-0: SINGLE (Line Drive, 56D, EV 101.2 MPH) António Scarlett to third Bill Casal to second Runner from 3rd tries for Home, SAFE, throw by LF to home
|
|
Batting: RHB Tim Spence
|
0-0: Ball 1-0: Ball 2-0: Ball 3-0: Called Strike 3-1: Swinging Strike 3-2: Fly out, F6 (Popup, 6, EV 75.0 MPH)
|
| Bottom of the 3rd over - 2 runs, 2 hits, 0 errors, 2 left on base; Canton 0 - Detroit 3 |
| TOP OF THE 4TH |
|
Canton Indians batting - Pitching for Detroit Red Wings : RHP Jimmy Dean
|
|
Batting: SHB Henri Chardon
|
0-0: Foul Ball, location: 2F 0-1: Ground out 4-3 (Groundball, 4, EV 108.1 MPH)
|
|
Batting: RHB Rob Marti
|
0-0: Ball 1-0: Foul Ball, location: 2F 1-1: Foul Ball, location: 2F 1-2: Foul Ball, location: 2F 1-2: Ball 2-2: SINGLE (Line Drive, 34D, EV 97.5 MPH)
|
|
Batting: LHB Jason Kessler
|
0-0: Grounds into double play, 4-6-3 (Groundball, 4, EV 83.8 MPH)
|
| Top of the 4th over - 0 runs, 1 hit, 0 errors, 0 left on base; Canton 0 - Detroit 3 |
| BOTTOM OF THE 4TH |
|
Detroit Red Wings batting - Pitching for Canton Indians : RHP Philip Nieves
|
|
Batting: RHB Jason LeBlanc
|
0-0: Ball 1-0: Ball 2-0: Ball 3-0: Called Strike 3-1: Fly out, F9 (Flyball, 9, EV 90.0 MPH)
|
|
Batting: RHB Mark Massey
|
0-0: Ball 1-0: Foul Ball, location: 2F 1-1: Fly out, F8 (Flyball, 78M, EV 78.8 MPH)
|
|
Batting: RHB Alejandro Tovar
|
0-0: Ball 1-0: SINGLE (Line Drive, 7LS, EV 95.6 MPH)
|
|
Batting: LHB Duda Pinho
|
0-0: Fly out, F8 (Line Drive, 8LM, EV 89.4 MPH)
|
| Bottom of the 4th over - 0 runs, 1 hit, 0 errors, 1 left on base; Canton 0 - Detroit 3 |
| TOP OF THE 5TH |
|
Canton Indians batting - Pitching for Detroit Red Wings : RHP Jimmy Dean
|
|
Batting: RHB Ryan Paquette
|
0-0: Swinging Strike 0-1: Ball 1-1: Ball 2-1: Ball 3-1: Swinging Strike 3-2: Strikes out looking
|
|
Batting: RHB Jonathan Johnstad
|
0-0: Ground out 5-3 (Groundball, 56, EV 82.5 MPH)
|
|
Batting: RHB Giuliano Giacoletti Jr.
|
0-0: Fly out, F9 (Flyball, 9, EV 90.0 MPH)
|
| Top of the 5th over - 0 runs, 0 hits, 0 errors, 0 left on base; Canton 0 - Detroit 3 |
| BOTTOM OF THE 5TH |
|
Detroit Red Wings batting - Pitching for Canton Indians : RHP Philip Nieves
|
|
Batting: RHB Ian Johnson
|
0-0: Ball 1-0: Called Strike 1-1: Swinging Strike 1-2: Strikes out looking
|
|
Batting: RHB António Scarlett
|
0-0: Foul Ball, location: 2F 0-1: Ball 1-1: Ball 2-1: Swinging Strike 2-2: Ball 3-2: Base on Balls
|
|
Pitching: LHP Willie Tirado
|
|
|
Batting: SHB Bill Casal
|
0-0: Foul Ball, location: 2F 0-1: Ball 1-1: Foul Ball, location: 2F 1-2: Ball António Scarlett is caught stealing 2nd base 2-4 2-2: Ball 3-2: Fly out, F8 (Flyball, 8LD, EV 91.9 MPH)
|
| Bottom of the 5th over - 0 runs, 0 hits, 0 errors, 0 left on base; Canton 0 - Detroit 3 |
| TOP OF THE 6TH |
|
Canton Indians batting - Pitching for Detroit Red Wings : RHP Jimmy Dean
|
|
Batting: RHB Jesus Sanchez
|
0-0: Fly out, F8 (Flyball, 8LM, EV 86.9 MPH)
|
|
Batting: SHB Jose Abreu
|
0-0: Ball 1-0: Called Strike 1-1: Called Strike 1-2: Fly out, F7 (Flyball, 78D, EV 91.2 MPH)
|
|
Batting: RHB Oscar Hernandez
|
0-0: Ball 1-0: Ball 2-0: Ground out 6-3 (Groundball, 6, EV 101.9 MPH)
|
| Top of the 6th over - 0 runs, 0 hits, 0 errors, 0 left on base; Canton 0 - Detroit 3 |
| BOTTOM OF THE 6TH |
|
Detroit Red Wings batting - Pitching for Canton Indians : LHP Willie Tirado
|
|
Batting: RHB Mike Dyck
|
0-0: Called Strike 0-1: Ground out 4-3 (Groundball, 4M, EV 84.4 MPH)
|
|
Batting: RHB Tim Spence
|
0-0: Called Strike 0-1: Swinging Strike 0-2: Ball 1-2: Ball 2-2: Ball 3-2: Strikes out swinging
|
|
Batting: RHB Jason LeBlanc
|
0-0: Ball 1-0: Ball 2-0: Ball 3-0: Called Strike 3-1: Base on Balls
|
|
Batting: RHB Mark Massey
|
0-0: Called Strike 0-1: Foul Ball, location: 2F 0-2: Ball 1-2: Strikes out swinging
|
| Bottom of the 6th over - 0 runs, 0 hits, 0 errors, 1 left on base; Canton 0 - Detroit 3 |
| TOP OF THE 7TH |
|
Canton Indians batting - Pitching for Detroit Red Wings : RHP Jimmy Dean
|
|
Batting: SHB Henri Chardon
|
0-0: Ball 1-0: Swinging Strike 1-1: Swinging Strike 1-2: Ball 2-2: Strikes out swinging
|
|
Batting: RHB Rob Marti
|
0-0: Ball 1-0: Ball 2-0: Foul Ball, location: 2F 2-1: Ball 3-1: Foul Ball, location: 2F 3-2: Foul Ball, location: 2F 3-2: DOUBLE (Line Drive, 78D, EV 108.1 MPH)
|
|
Batting: LHB Jason Kessler
|
0-0: Ball 1-0: Foul Ball, location: 2F 1-1: SINGLE (Line Drive, 7LS, EV 106.2 MPH) Rob Marti to third
|
|
Batting: RHB Ryan Paquette
|
0-0: TRIPLE (Line Drive, 8LXD, EV 106.9 MPH) Rob Marti scores Jason Kessler scores
|
|
Pinch Hitting: SHB Brad Larabel
|
0-0: Foul Ball, location: 2F 0-1: Ball 1-1: Called Strike 1-2: Strikes out swinging
|
|
Pinch Hitting: RHB Jose Lebron
|
0-0: Ball 1-0: Ball 2-0: Ball 3-0: Called Strike 3-1: Base on Balls
|
|
Pinch Hitting: LHB Dorian Oram
|
0-0: Called Strike 0-1: Foul Ball, location: 2F 0-2: Ball 1-2: Strikes out swinging
|
| Top of the 7th over - 2 runs, 3 hits, 0 errors, 2 left on base; Canton 2 - Detroit 3 |
| BOTTOM OF THE 7TH |
|
Detroit Red Wings batting - Pitching for Canton Indians : LHP Willie Tirado
|
|
Now at 2B: Brad Larabel
|
|
|
Now at SS: Darren Allan
|
|
|
Now in LF: Ryan Donohoe
|
|
|
Batting: RHB Alejandro Tovar
|
0-0: Ground out 6-3 (Groundball, 6, EV 90.0 MPH)
|
|
Batting: LHB Duda Pinho
|
0-0: Ground out 4-3 (Groundball, 4, EV 86.2 MPH)
|
|
Batting: RHB Ian Johnson
|
0-0: Swinging Strike 0-1: Ball 1-1: Foul Ball, location: 2F 1-2: Strikes out swinging
|
| Bottom of the 7th over - 0 runs, 0 hits, 0 errors, 0 left on base; Canton 2 - Detroit 3 |
| TOP OF THE 8TH |
|
Canton Indians batting - Pitching for Detroit Red Wings : RHP Jimmy Dean
|
|
Batting: SHB Jose Abreu
|
0-0: Called Strike 0-1: Called Strike 0-2: Ball 1-2: Strikes out swinging
|
|
Pinch Hitting: RHB Joe Bauer
|
0-0: Ball 1-0: Ball 2-0: SINGLE (Line Drive, 7S, EV 96.9 MPH)
|
|
Batting: SHB Henri Chardon
|
0-0: Ball 1-0: Ball 2-0: Ball 3-0: Base on Balls Joe Bauer to second
|
|
Batting: RHB Rob Marti
|
0-0: Ball 1-0: Ball 2-0: Foul Ball, location: 2F 2-1: Swinging Strike 2-2: Ball 3-2: Foul Ball, location: 2F 3-2: 3-RUN HOME RUN (Flyball, 7D, EV 103.1 MPH), Distance : 401 ft
|
|
Pitching: LHP Jayden Carter
|
|
|
Batting: RHB Willie Toral
|
0-0: Called Strike 0-1: Swinging Strike 0-2: Ball 1-2: Ball 2-2: Fly out, F8 (Flyball, 89XD, EV 90.6 MPH)
|
|
Batting: RHB Ryan Paquette
|
0-0: Foul Ball, location: 2F 0-1: Swinging Strike 0-2: Foul Ball, location: 2F 0-2: Strikes out swinging
|
| Top of the 8th over - 3 runs, 2 hits, 0 errors, 0 left on base; Canton 5 - Detroit 3 |
| BOTTOM OF THE 8TH |
|
Detroit Red Wings batting - Pitching for Canton Indians : LHP Willie Tirado
|
|
Now in RF: Mike Humfleet
|
|
|
Batting: RHB António Scarlett
|
0-0: Ball 1-0: Foul Ball, location: 2F 1-1: Ball 2-1: Ball 3-1: Called Strike 3-2: Foul Ball, location: 2F 3-2: SINGLE (Groundball, 5S, EV 68.8 MPH) (infield hit)
|
|
Batting: SHB Bill Casal
|
0-0: Ball 1-0: Foul Ball, location: 2F 1-1: Ball 2-1: Foul Ball, location: 2F 2-2: Strikes out looking
|
|
Batting: RHB Mike Dyck
|
0-0: Called Strike 0-1: Foul Ball, location: 2F 0-2: Foul Ball, location: 2F 0-2: Strikes out swinging
|
|
Pinch Hitting: LHB David Kyle
|
0-0: Ball 1-0: Foul Ball, location: 2F 1-1: Ball 2-1: Swinging Strike 2-2: Foul Ball, location: 2F 2-2: Foul Ball, location: 2F 2-2: Ball 3-2: Foul Ball, location: 2F Pickoff Throw to First - Error! E1 António Scarlett to second 3-2: Foul Ball, location: 2F 3-2: Strikes out swinging
|
| Bottom of the 8th over - 0 runs, 1 hit, 1 error, 1 left on base; Canton 5 - Detroit 3 |
| TOP OF THE 9TH |
|
Canton Indians batting - Pitching for Detroit Red Wings : LHP Jayden Carter
|
|
Now in LF: Manny Rangel
|
|
|
Now in RF: Duda Pinho
|
|
|
Batting: SHB Brad Larabel
|
0-0: Called Strike 0-1: Swinging Strike 0-2: Ball 1-2: Ball 2-2: Foul Ball, location: 2F 2-2: SINGLE (Groundball, 56S, EV 65.0 MPH) (infield hit)
|
|
Batting: SHB Ryan Donohoe
|
0-0: Ball 1-0: Foul Ball, location: 2F 1-1: Ball 2-1: Fly out, F7 (Flyball, 7LS, EV 90.0 MPH)
|
|
Pinch Hitting: SHB Jahangir Baloch
|
0-0: Called Strike 0-1: Fielders Choice at 2nd, U6 (Groundball, 4MS, EV 88.1 MPH)
|
|
Batting: SHB Jose Abreu
|
0-0: Called Strike Jahangir Baloch is caught stealing 2nd base 2-4
|
| Top of the 9th over - 0 runs, 1 hit, 0 errors, 0 left on base; Canton 5 - Detroit 3 |
| BOTTOM OF THE 9TH |
|
Detroit Red Wings batting - Pitching for Canton Indians : LHP Willie Tirado
|
|
Pitching: RHP Abdul-Wadud Mazin
|
|
|
Now at SS: Josh Carini
|
|
|
Pinch Hitting: RHB Felipe Torres
|
0-0: Ball 1-0: Foul Ball, location: 2F 1-1: Ball 2-1: Foul Ball, location: 2F 2-2: Strikes out swinging, 2-3 out at first.
|
|
Pinch Hitting: LHB Jose Peralez
|
0-0: Fly out, F7 (Flyball, 7D, EV 91.2 MPH)
|
|
Pinch Hitting: RHB Harry Tugnut
|
0-0: Called Strike 0-1: Ball 1-1: Called Strike 1-2: Foul Ball, location: 2F 1-2: Ball 2-2: Fly out, F8 (Flyball, 8LXD, EV 109.4 MPH)
|
| Bottom of the 9th over - 0 runs, 0 hits, 0 errors, 0 left on base; Canton 5 - Detroit 3 |
|